 Dungeon Crawl Stone Soup version 0.21-a0-351-g38363bb (webtiles) character file.

51 Dfrag the Firebug (level 3, -1/24 HPs)
             Began as a Demonspawn Fire Elementalist on Oct 10, 2017.
             Slain by an orc priest
             ... wielding a +0 falchion
              (4 damage)
             ... on level 2 of the Dungeon.
             The game lasted 00:01:40 (1907 turns).

Dfrag the Firebug (Demonspawn Fire Elementalist)    Turns: 1907, Time: 00:01:40

Health: -1/24      AC:  5    Str:  8    XL:     3   Next: 58%
Magic:  0/7        EV: 12    Int: 17    God:
Gold:   62         SH:  0    Dex: 13    Spells: 6/7 levels left

rFire    . . .     SeeInvis +   (no weapon)
rCold    . . .     Gourm    .   (no shield)
rNeg     . . .     Faith    .   a - +0 robe
rPois    .         Spirit   .   (no helmet)
rElec    .         Reflect  .   (no cloak)
rCorr    .         Harm     .   (no gloves)
MR       .....                  p - +0 pair of boots
Stlth    ++........             (no amulet)
HPRegen  0.08/turn              e - ring of see invisible (curse)
MPRegen  0.10/turn              k - ring of wizardry

@: no status effects
A: thin metallic scales 1
a: no special abilities


You were on level 2 of the Dungeon.
You were hungry.

You visited 1 branch of the dungeon, and saw 3 of its levels.

You collected 62 gold pieces.

Inventory:

Armour
 a - a +0 robe (worn)
 p - a +0 pair of boots (worn)
Jewellery
 e - a cursed ring of see invisible (left hand)
 k - a ring of wizardry (right hand)
 m - an uncursed ring of protection from cold
Scrolls
 f - a scroll of remove curse {unknown}
 g - a scroll of enchant weapon {unknown}
 i - a scroll of noise {unknown}
 j - 2 scrolls of teleportation {unknown}
 n - a scroll of recharging {unknown}
Potions
 d - a potion of heal wounds {unknown}
 h - 4 potions of curing {unknown}
 o - a potion of might {unknown}
 q - a potion of agility {unknown}
Books
 b - a book of Flames

   Spells                             Type                      Level
   a - Flame Tongue                   Conjuration/Fire             1
   b - Throw Flame                    Conjuration/Fire             2
   c - Conjure Flame                  Conjuration/Fire             3
   d - Inner Flame                    Hexes/Fire                   3
   e - Sticky Flame                   Conjuration/Fire             4
   f - Fireball                       Conjuration/Fire             5
Comestibles
 c - 3 bread rations
 l - a royal jelly


   Skills:
 - Level 1.7 Dodging
 - Level 1.7 Stealth
 + Level 2.6 Spellcasting
 + Level 2.1 Conjurations
 + Level 3.2 Fire Magic


You had 6 spell levels left.
You knew the following spells:

 Your Spells              Type           Power        Failure   Level  Hunger
a - Flame Tongue          Conj/Fire      ##...        2%          1    #......


Dungeon Overview and Level Annotations

Branches:
Dungeon (3/15)

Altars:
Elyvilon


Innate Abilities, Weirdness & Mutations

You are partially covered in thin metallic scales. (AC +2)


Message History

Unknown command.
You hit the orc priest but do no damage.
The orc priest is heavily wounded.
The orc priest hits you with a falchion.
You completely miss the orc priest.
The orc priest is heavily wounded.
You hit the orc priest but do no damage.
The orc priest is heavily wounded.
The orc priest hits you with a falchion.
* * * LOW HITPOINT WARNING * * *
You barely miss the orc priest.
The orc priest is heavily wounded.
The orc priest barely misses you.
You closely miss the orc priest.
The orc priest is heavily wounded.
The orc priest closely misses you.
You barely miss the orc priest.
The orc priest is heavily wounded.
The orc priest hits you with a falchion.
You die...

### #.# #.####### #..[....#
######.####.## ####
#.........#.# ...#
#####.####.##.#.#
...####.....####o##.#.#
................@##.#.#####
...........###+####.#.#...#
#...###.............#.##..#
#.#.###...................#
..#..##.............#.###.#
#....##.............#.# #.#
#.##.##.............#.# #.#
#...................#.# #.#
####..#.............#.# #.#


You could see an orc priest.

Vanquished Creatures
  2 adders
  A dart slug (D:1)
  A leopard gecko (D:1)
  2 orcs
  3 giant cockroaches
  6 goblins
  2 hobgoblins (D:1)
  A ball python (D:1)
  2 frilled lizards
  3 kobolds
  5 rats
28 creatures vanquished.

Notes
Turn   | Place    | Note
-------+----------+-------------------------------------------
     0 | D:1      | Dfrag the Demonspawn Fire Elementalist began the quest for the Orb.
     0 | D:1      | Reached XP level 1. HP: 13/13 MP: 3/3
   139 | D:1      | Gained mutation: You are partially covered in thin metallic scales. (AC +2) [demonic ancestry]
   139 | D:1      | Reached XP level 2. HP: 16/19 MP: 0/5
   248 | D:1      | Reached skill level 3 in Fire Magic
   836 | D:2      | Found a white marble altar of Elyvilon.
   924 | D:2      | Reached XP level 3. HP: 23/24 MP: 1/6
  1907 | D:2      | Slain by an orc priest

Vault maps used:
D:1:      tarquinn_simple_flora_water_a, kennysheep_minor_cross
D:2:      first_bread, elyvilon_altar_1
D:3:      tgw_sif

Skill      XL: |  1  2  3 |
---------------+----------+-----
Fire Magic     | 3 |  3.2
Conjurations   | 2 |  2.1
Dodging        | |  1.7
Stealth        | |  1.7
Spellcasting   | |  2.6

Action                   || total
-------------------------++-------
Melee: Unarmed           ||    37
 Cast: Flame Tongue      ||    58
  Eat: Chunk             ||     3
Armor: Robe              ||    11
Dodge: Dodged            ||    46

Table legend:
 A = Spawn XP
 B = Non-spawn XP
 C = Spawn XP percentage of total XP
 D = Spawn monster count
 E = Non-spawn monster count
 F = Spawn count percentage of total count
 G = Total turns spent on level
                    A         B        C        D         E        F      G
               +---------+---------+-------+---------+---------+-------+---------
         Total |       0 |      74 |   0.0 |       0 |      28 |   0.0 |  1907
               +---------+---------+-------+---------+---------+-------+---------
           D:1 |       0 |      28 |   0.0 |       0 |      16 |   0.0 |   772
           D:2 |       0 |      24 |   0.0 |       0 |       6 |   0.0 |  1043
           D:3 |       0 |      22 |   0.0 |       0 |       6 |   0.0 |    92
               +---------+---------+-------+---------+---------+-------+---------
